AoeStats
← Mycorrhizal

Arena

509201698Analyzed
4v4 RM · 6d ago on Sep 25, 2026· 22m 56s· 8 players
Game mode
Random Map
Map size
Large (8 player)
Population
200
Speed
Normal
Resources
Standard
Victory
Conquest
Starting age
Dark Age
Ending age
Imperial Age
RankedLock teamsTeams togetherTeam positionsShared explorationLock speedFull tech treeHidden civsTurbo modeCheats
Victory
Defeat
1472
+15
🇲🇽 Spanish · Mexico
1467
+15
🇨🇦 Danes · Canada
1466
+15
🇨🇦 Persians · Canada
1466
+15
🇨🇳 Shu · China
1496
-17
🇹🇼 Celts · Taiwan
1462
-16
🇹🇼 Poles · Taiwan
1426
-14
🇨🇳 Persians · China
1398
-13
JINJIN
10:28 Feudal Age
14:27 Castle Age
12:36 Double-Bit Axe
13:14 Gold Mining
16:31 Bow Saw
19:54 Ballistics
20:39 Loom
21:32 Wheelbarrow
帝国老油条
10:48 Feudal Age
14:46 Castle Age
12:33 Loom
13:00 Horse Collar
13:54 Double-Bit Axe
my60703
11:21 Feudal Age
11:51 Feudal Age
12:34 Double-Bit Axe
15:38 Castle Age
14:10 Horse Collar
直接肘
10:44 Feudal Age
11:21 Loom
11:56 Double-Bit Axe
14:31 Castle Age
12:15 Horse Collar
14:20 Fletching
15:23 Bow Saw
16:28 Bodkin Arrow
18:50 Elite Skirmisher
20:00 Loom
GAX | This Game Isnt Fun
11:02 Feudal Age
15:08 Castle Age
13:34 Double-Bit Axe
13:48 Horse Collar
17:51 Loom
19:39 Fletching
EL MAYA
11:10 Feudal Age
10:58 Loom
14:57 Castle Age
12:48 Double-Bit Axe
16:02 Fletching
20:32 Bodkin Arrow
Mycorrhizal
9:51 Feudal Age
13:37 Castle Age
12:07 Double-Bit Axe
12:23 Horse Collar
14:23 Bow Saw
14:27 Heavy Plow
19:48 Gold Mining
21:00 Scale Barding Armor
xXbananamanXx
9:58 Feudal Age
14:30 Castle Age
12:51 Double-Bit Axe
14:58 Horse Collar
16:12 Wheelbarrow
17:43 Loom
18:50 Bow Saw
Connection lost

Rejoining the realm…

Still unreachable

The connection could not be restored.

Session expired

The server has moved on; the page needs a fresh start.